| TOP OF THE 1ST |
|
Pompano Beach Stingrays batting - Pitching for St. Petersburg Saints : RHP Tian-yun Liu
|
|
Pitching: RHP Tian-yun Liu
|
|
|
Batting: RHB Jorge Villalobos
|
0-0: Ground out 4-3 (Groundball, 4, EV 106.9 MPH)
|
|
Batting: SHB Gene Roof
|
0-0: Called Strike 0-1: Ground out U3 (Groundball, 34S, EV 80.0 MPH)
|
|
Batting: RHB Lance Junker
|
0-0: DOUBLE (Flyball, 8LXD, EV 102.5 MPH)
|
|
Batting: RHB Mark Strucher
|
0-0: Called Strike 0-1: Ball 1-1: Ground out 6-3 (Groundball, 6, EV 102.5 MPH)
|
| Top of the 1st over - 0 runs, 1 hit, 0 errors, 1 left on base; Pompano Beach 0 - St. Petersburg 0 |
| BOTTOM OF THE 1ST |
|
St. Petersburg Saints batting - Pitching for Pompano Beach Stingrays : RHP Ricky Acevedo
|
|
Pitching: RHP Ricky Acevedo
|
|
|
Batting: RHB Pablo Carballo
|
0-0: Ball 1-0: Ball 2-0: Called Strike 2-1: Foul Ball, location: 2F 2-2: Ball 3-2: Base on Balls
|
|
Batting: LHB Al Leboeuf
|
0-0: DOUBLE (Line Drive, 9LS, EV 91.9 MPH) Pablo Carballo to third Runner from 3rd tries for Home, SAFE, throw by RF to home
|
|
Batting: LHB Terry Blocker
|
0-0: Called Strike 0-1: Ball 1-1: Called Strike 1-2: Foul Ball, location: 2F 1-2: SINGLE (Line Drive, 4MD, EV 99.4 MPH) Al Leboeuf to third
|
|
Batting: RHB Rock Coyle
|
0-0: Called Strike 0-1: Ball 1-1: Ball 2-1: Ball 3-1: Fly out, F6 (Flyball, 56D, EV 73.1 MPH)
|
|
Batting: RHB Ric Despaux
|
0-0: Ball 1-0: Fielders Choice at 2nd, 5-4 (Groundball, 5, EV 90.0 MPH) Al Leboeuf scores
|
|
Batting: RHB Jerry Johnson
|
0-0: Ball 1-0: Ball 2-0: Called Strike 2-1: Ball 3-1: DOUBLE (Line Drive, 78D, EV 109.4 MPH) Ric Despaux to third Runner from 3rd tries for Home, SAFE, throw by LF to trailing runner, SAFE at third!
|
|
Batting: RHB Dave Clements
|
0-0: Foul Ball, location: 2F 0-1: Fly out, F7 (Flyball, 7LM, EV 87.5 MPH)
|
| Bottom of the 1st over - 3 runs, 3 hits, 0 errors, 1 left on base; Pompano Beach 0 - St. Petersburg 3 |
| TOP OF THE 2ND |
|
Pompano Beach Stingrays batting - Pitching for St. Petersburg Saints : RHP Tian-yun Liu
|
|
Batting: SHB Juan Molina
|
0-0: SINGLE (Groundball, 3D, EV 96.3 MPH)
|
|
Batting: LHB Steve Phillips
|
0-0: Called Strike 0-1: Ball 1-1: Ball 2-1: Ball 3-1: Called Strike 3-2: Fly out, F8 (Line Drive, 8LD, EV 93.1 MPH)
|
|
Batting: SHB Maury Ornest
|
0-0: Ball 1-0: Fly out, F4 (Flyball, 34D, EV 92.5 MPH)
|
|
Batting: RHB William Waag
|
0-0: Ball 1-0: SINGLE (Groundball, 6MD, EV 98.8 MPH) Juan Molina to second
|
|
Batting: RHB Whitney Harry
|
0-0: Called Strike 0-1: Ground out 4-3 (Groundball, 4, EV 78.1 MPH)
|
| Top of the 2nd over - 0 runs, 2 hits, 0 errors, 2 left on base; Pompano Beach 0 - St. Petersburg 3 |
| BOTTOM OF THE 2ND |
|
St. Petersburg Saints batting - Pitching for Pompano Beach Stingrays : RHP Ricky Acevedo
|
|
Batting: RHB Randy Ingle
|
0-0: Ball 1-0: Swinging Strike 1-1: Ball 2-1: Foul Ball, location: 2F 2-2: Foul Ball, location: 2F 2-2: Ball 3-2: Strikes out looking
|
|
Batting: RHB Roberto Alvarez
|
0-0: Ground out 6-3 (Groundball, 6, EV 88.8 MPH)
|
|
Batting: RHB Pablo Carballo
|
0-0: Reached on error, E4 (Flyball, 34D, EV 89.4 MPH)
|
|
Batting: LHB Al Leboeuf
|
0-0: Ball 1-0: DOUBLE (Line Drive, 8LXD, EV 106.3 MPH) Pablo Carballo to third Runner from 3rd tries for Home, SAFE, throw by CF to home
|
|
Batting: LHB Terry Blocker
|
0-0: Swinging Strike 0-1: Ball 1-1: Ball 2-1: Ground out 5-3 (Groundball, 56S, EV 88.1 MPH)
|
| Bottom of the 2nd over - 1 run, 1 hit, 1 error, 1 left on base; Pompano Beach 0 - St. Petersburg 4 |
| TOP OF THE 3RD |
|
Pompano Beach Stingrays batting - Pitching for St. Petersburg Saints : RHP Tian-yun Liu
|
|
Batting: RHB Jorge Villalobos
|
0-0: Ball 1-0: Foul Ball, location: 2F 1-1: Ball 2-1: Fly out, F9 (Flyball, 9LS, EV 90.6 MPH)
|
|
Batting: SHB Gene Roof
|
0-0: Ball 1-0: Called Strike 1-1: SINGLE (Line Drive, 9S, EV 91.9 MPH)
|
|
Batting: RHB Lance Junker
|
0-0: Called Strike 0-1: Ball 1-1: Foul Ball, location: 2F 1-2: Ground out 6-3 (Groundball, 6S, EV 86.3 MPH) Gene Roof to second
|
|
Batting: RHB Mark Strucher
|
0-0: Foul Ball, location: 2F 0-1: Fly out, F8 (Line Drive, 8RD, EV 92.5 MPH)
|
| Top of the 3rd over - 0 runs, 1 hit, 0 errors, 1 left on base; Pompano Beach 0 - St. Petersburg 4 |
| BOTTOM OF THE 3RD |
|
St. Petersburg Saints batting - Pitching for Pompano Beach Stingrays : RHP Ricky Acevedo
|
|
Batting: RHB Rock Coyle
|
0-0: Called Strike 0-1: Ball 1-1: Ball 2-1: Ground out 6-3 (Groundball, 6, EV 81.3 MPH)
|
|
Batting: RHB Ric Despaux
|
0-0: Fly out, F2 (Popup, 23F, EV 91.3 MPH)
|
|
Batting: RHB Jerry Johnson
|
0-0: Ball 1-0: Ball 2-0: Called Strike 2-1: Ball 3-1: Base on Balls
|
|
Batting: RHB Dave Clements
|
0-0: Ball Jerry Johnson steals 2nd base 1-0: Fly out, F7 (Flyball, 7LD, EV 89.4 MPH)
|
| Bottom of the 3rd over - 0 runs, 0 hits, 0 errors, 1 left on base; Pompano Beach 0 - St. Petersburg 4 |
| TOP OF THE 4TH |
|
Pompano Beach Stingrays batting - Pitching for St. Petersburg Saints : RHP Tian-yun Liu
|
|
Batting: SHB Juan Molina
|
0-0: Foul Ball, location: 2F 0-1: Ball 1-1: Foul Ball, location: 2F 1-2: Ball 2-2: SINGLE (Groundball, 34D, EV 105.6 MPH)
|
|
Batting: LHB Steve Phillips
|
0-0: Called Strike 0-1: Ball 1-1: Called Strike 1-2: Foul Ball, location: 2F 1-2: Ball 2-2: DOUBLE (Line Drive, 7LD, EV 105.6 MPH) Juan Molina to third
|
|
Batting: SHB Maury Ornest
|
0-0: Foul Ball, location: 2F 0-1: Called Strike 0-2: Ball 1-2: Ball 2-2: Strikes out looking
|
|
Batting: RHB William Waag
|
0-0: Ball 1-0: Ball 2-0: Ball 3-0: Called Strike 3-1: Foul Ball, location: 2F 3-2: SINGLE (Line Drive, 9S, EV 93.1 MPH) Juan Molina scores Steve Phillips to third Runner from 3rd tries for Home, SAFE, throw by RF to home
|
|
Batting: RHB Whitney Harry
|
0-0: Ball 1-0: Swinging Strike 1-1: Called Strike 1-2: SINGLE (Groundball, 56D, EV 105.6 MPH) (infield hit) William Waag to second
|
|
Batting: RHB Jorge Villalobos
|
0-0: Ball 1-0: Ball 2-0: Ball 3-0: Called Strike 3-1: Base on Balls William Waag to third Whitney Harry to second
|
|
Batting: SHB Gene Roof
|
0-0: Grounds into double play, 4-2-3 (Groundball, 4, EV 103.8 MPH)
|
| Top of the 4th over - 2 runs, 4 hits, 0 errors, 2 left on base; Pompano Beach 2 - St. Petersburg 4 |
| BOTTOM OF THE 4TH |
|
St. Petersburg Saints batting - Pitching for Pompano Beach Stingrays : RHP Ricky Acevedo
|
|
Batting: RHB Randy Ingle
|
0-0: SINGLE (Groundball, 34D, EV 95.0 MPH)
|
|
Batting: RHB Roberto Alvarez
|
0-0: Ball 1-0: Ball 2-0: DOUBLE (Groundball, 5L, EV 96.9 MPH) Randy Ingle to third
|
|
Batting: RHB Pablo Carballo
|
0-0: Ground out 5-3 (Groundball, 56, EV 102.5 MPH) Randy Ingle scores
|
|
Batting: LHB Al Leboeuf
|
0-0: Fly out, F7 (Flyball, 7S, EV 89.4 MPH)
|
|
Batting: LHB Terry Blocker
|
0-0: Ground out 5-3 (Groundball, 56, EV 78.8 MPH)
|
| Bottom of the 4th over - 1 run, 2 hits, 0 errors, 1 left on base; Pompano Beach 2 - St. Petersburg 5 |
| TOP OF THE 5TH |
|
Pompano Beach Stingrays batting - Pitching for St. Petersburg Saints : RHP Tian-yun Liu
|
|
Batting: RHB Lance Junker
|
0-0: Called Strike 0-1: Swinging Strike 0-2: Foul Ball, location: 2F 0-2: Foul Ball, location: 2F 0-2: Fly out, F7 (Flyball, 78D, EV 96.9 MPH)
|
|
Batting: RHB Mark Strucher
|
0-0: Ball 1-0: SINGLE (Line Drive, 89S, EV 94.4 MPH)
|
|
Batting: SHB Juan Molina
|
0-0: Called Strike 0-1: Ball Wild Pitch! Mark Strucher to second 1-1: Called Strike 1-2: Strikes out looking
|
|
Batting: LHB Steve Phillips
|
0-0: Ball 1-0: Ball 2-0: Foul Ball, location: 2F 2-1: Fly out, F7 (Flyball, 78XD, EV 92.5 MPH)
|
| Top of the 5th over - 0 runs, 1 hit, 0 errors, 1 left on base; Pompano Beach 2 - St. Petersburg 5 |
| BOTTOM OF THE 5TH |
|
St. Petersburg Saints batting - Pitching for Pompano Beach Stingrays : RHP Ricky Acevedo
|
|
Batting: RHB Rock Coyle
|
0-0: Foul Ball, location: 2F 0-1: Fly out, F8 (Line Drive, 8LD, EV 92.5 MPH)
|
|
Batting: RHB Ric Despaux
|
0-0: Foul Ball, location: 2F 0-1: Ball 1-1: Foul Ball, location: 2F 1-2: Strikes out swinging
|
|
Batting: RHB Jerry Johnson
|
0-0: Called Strike 0-1: Ground out 1-3 (Groundball, 15S, EV 69.4 MPH)
|
| Bottom of the 5th over - 0 runs, 0 hits, 0 errors, 0 left on base; Pompano Beach 2 - St. Petersburg 5 |
| TOP OF THE 6TH |
|
Pompano Beach Stingrays batting - Pitching for St. Petersburg Saints : RHP Tian-yun Liu
|
|
Batting: SHB Maury Ornest
|
0-0: Ball 1-0: Swinging Strike 1-1: SINGLE (Groundball, 4MS, EV 81.3 MPH) (infield hit)
|
|
Batting: RHB William Waag
|
0-0: Grounds into double play, 6-4-3 (Groundball, 6, EV 82.5 MPH)
|
|
Batting: RHB Whitney Harry
|
0-0: Called Strike 0-1: Ball 1-1: Fly out, F9 (Flyball, 9D, EV 74.4 MPH)
|
| Top of the 6th over - 0 runs, 1 hit, 0 errors, 0 left on base; Pompano Beach 2 - St. Petersburg 5 |
| BOTTOM OF THE 6TH |
|
St. Petersburg Saints batting - Pitching for Pompano Beach Stingrays : RHP Ricky Acevedo
|
|
Batting: RHB Dave Clements
|
0-0: Swinging Strike 0-1: Ball 1-1: Foul Ball, location: 2F 1-2: Foul Ball, location: 2F 1-2: Strikes out looking
|
|
Batting: RHB Randy Ingle
|
0-0: Ball 1-0: Foul Ball, location: 2F 1-1: Ground out 6-3 (Groundball, 6, EV 85.6 MPH)
|
|
Batting: RHB Roberto Alvarez
|
0-0: Fly out, F8 (Line Drive, 8RD, EV 103.1 MPH)
|
| Bottom of the 6th over - 0 runs, 0 hits, 0 errors, 0 left on base; Pompano Beach 2 - St. Petersburg 5 |
| TOP OF THE 7TH |
|
Pompano Beach Stingrays batting - Pitching for St. Petersburg Saints : RHP Tian-yun Liu
|
|
Batting: RHB Jorge Villalobos
|
0-0: Ball 1-0: Ball 2-0: Foul Ball, location: 2F 2-1: Foul Ball, location: 2F 2-2: Ball 3-2: Base on Balls
|
|
Batting: SHB Gene Roof
|
0-0: Called Strike 0-1: Ball 1-1: Ball 2-1: Swinging Strike 2-2: Fielders Choice at 2nd, 6-4 (Groundball, 6, EV 79.4 MPH)
|
|
Batting: RHB Lance Junker
|
0-0: Swinging Strike 0-1: Foul Ball, location: 2F 0-2: Ball 1-2: Fly out, F7 (Flyball, 78M, EV 90.6 MPH)
|
|
Batting: RHB Mark Strucher
|
0-0: Ball Wild Pitch! Gene Roof to second 1-0: Ball 2-0: Ball 3-0: Called Strike 3-1: Called Strike 3-2: Foul Ball, location: 2F 3-2: Fly out, F9 (Flyball, 9, EV 97.5 MPH)
|
| Top of the 7th over - 0 runs, 0 hits, 0 errors, 1 left on base; Pompano Beach 2 - St. Petersburg 5 |
| BOTTOM OF THE 7TH |
|
St. Petersburg Saints batting - Pitching for Pompano Beach Stingrays : RHP Ricky Acevedo
|
|
Batting: RHB Pablo Carballo
|
0-0: Ball 1-0: Ball 2-0: Called Strike 2-1: Ball 3-1: Base on Balls
|
|
Batting: LHB Al Leboeuf
|
0-0: Called Strike 0-1: Fly out, F9 (Flyball, 9, EV 88.1 MPH)
|
|
Batting: LHB Terry Blocker
|
0-0: Ball 1-0: Foul Ball, location: 2F 1-1: Ball 2-1: Fly out, F7 (Flyball, 7, EV 94.4 MPH)
|
|
Batting: RHB Rock Coyle
|
0-0: SINGLE (Groundball, 56D, EV 111.3 MPH) Pablo Carballo to second Runner from 2nd tries for 3rd, OUT! 7-5
|
| Bottom of the 7th over - 0 runs, 1 hit, 0 errors, 1 left on base; Pompano Beach 2 - St. Petersburg 5 |
| TOP OF THE 8TH |
|
Pompano Beach Stingrays batting - Pitching for St. Petersburg Saints : RHP Tian-yun Liu
|
|
Now at 1B: Joe Lansford
|
|
|
Batting: SHB Juan Molina
|
0-0: Called Strike 0-1: SINGLE (Flyball, 8RS, EV 96.3 MPH)
|
|
Batting: LHB Steve Phillips
|
0-0: Called Strike 0-1: Ball 1-1: Fly out, F4 (Popup, 4S, EV 84.4 MPH)
|
|
Batting: SHB Maury Ornest
|
0-0: Foul Ball, location: 2F 0-1: Ball 1-1: Fly out, F5 (Popup, 5S, EV 83.1 MPH)
|
|
Batting: RHB William Waag
|
0-0: Called Strike 0-1: Ball 1-1: Foul Ball, location: 2F 1-2: Foul Ball, location: 2F 1-2: Strikes out swinging, 2-3 out at first.
|
| Top of the 8th over - 0 runs, 1 hit, 0 errors, 1 left on base; Pompano Beach 2 - St. Petersburg 5 |
| BOTTOM OF THE 8TH |
|
St. Petersburg Saints batting - Pitching for Pompano Beach Stingrays : RHP Ricky Acevedo
|
|
Batting: RHB Ric Despaux
|
0-0: Called Strike 0-1: Foul Ball, location: 2F 0-2: Ball 1-2: Ball 2-2: Strikes out swinging
|
|
Batting: RHB Jerry Johnson
|
0-0: Called Strike 0-1: Foul Ball, location: 2F 0-2: Ball 1-2: Strikes out swinging
|
|
Batting: RHB Dave Clements
|
0-0: Ball 1-0: Called Strike 1-1: Swinging Strike 1-2: Foul Ball, location: 2F 1-2: Ground out 1-3 (Groundball, 13, EV 67.5 MPH)
|
| Bottom of the 8th over - 0 runs, 0 hits, 0 errors, 0 left on base; Pompano Beach 2 - St. Petersburg 5 |
| TOP OF THE 9TH |
|
Pompano Beach Stingrays batting - Pitching for St. Petersburg Saints : RHP Tian-yun Liu
|
|
Now in CF: Francisco Escalera
|
|
|
Batting: RHB Whitney Harry
|
0-0: Fly out, F8 (Flyball, 8LXD, EV 102.5 MPH)
|
|
Batting: RHB Jorge Villalobos
|
0-0: Called Strike 0-1: Ball 1-1: Swinging Strike 1-2: Foul Ball, location: 2F 1-2: Fly out, F9 (Line Drive, 9, EV 89.4 MPH)
|
|
Batting: SHB Gene Roof
|
0-0: Called Strike 0-1: Foul Ball, location: 2F 0-2: Ground out 5-3 (Groundball, 5, EV 103.1 MPH)
|
| Top of the 9th over - 0 runs, 0 hits, 0 errors, 0 left on base; Pompano Beach 2 - St. Petersburg 5 |
|